 Dungeon Crawl Stone Soup version 0.23.2-1-ga50397a6bc (webtiles) character file.

Game seed: 197784462446111011

1497 Foic the Thaumaturge (level 8, -3/54 HPs)
             Began as a Mummy Necromancer on May 17, 2019.
             Slain by a troll (11 damage)
             ... on level 6 of the Dungeon.
             The game lasted 00:43:47 (10277 turns).

Foic the Thaumaturge (Mummy Necromancer)           Turns: 10277, Time: 00:43:48

Health: -3/54      AC:  5    Str: 12    XL:     8   Next: 51%
Magic:  12/21      EV: 12    Int: 16    God:
Gold:   255        SH:  0    Dex: 12    Spells: 17/26 levels left

rFire    . . .     SeeInvis .   a - +0 hunting sling
rCold    + . .     Gourm    .   (no shield)
rNeg     + + +     Faith    .   g - +0 leather armour
rPois    ∞         Spirit   .   t - +2 hat
rElec    .         Reflect  .   (no cloak)
rCorr    .         Harm     .   (no gloves)
MR       +....                  (no boots)
Stlth    ++........             (no amulet)
HPRegen  0.18/turn              n - ring of protection from fire
MPRegen  0.17/turn              (no ring)

@: no status effects
A: no food or potions, fire vulnerability, cold resistance 1, negative energy
resistance 3, torment resistance, unbreathing
a: no special abilities


You were on level 6 of the Dungeon.
You were not hungry.

You visited 1 branch of the dungeon, and saw 6 of its levels.

You collected 255 gold pieces.

Inventory:

Hand Weapons
 a - a +0 hunting sling (weapon)
 i - a +2 short sword of speed
Missiles
 f - 5 needles of confusion
 h - 247 stones (quivered)
Armour
 g - a +0 leather armour (worn)
 j - a +0 robe
 t - a +2 hat (worn)
Jewellery
 m - a cursed ring of teleportation
 n - a ring of protection from fire (left hand)
 o - an uncursed ring of stealth
 u - a cursed ring of attention
Wands
 k - a wand of enslavement (5)
 q - a wand of random effects (26)
 s - a wand of scattershot (6)
 w - a wand of iceblast (8)
Scrolls
 b - 2 scrolls of identify
 c - 3 scrolls of teleportation {unknown}
 d - a scroll of enchant weapon {unknown}
 e - 10 scrolls of remove curse {unknown}
 l - 5 scrolls of enchant armour {unknown}
 p - a scroll of random uselessness {unknown}
 r - a scroll of amnesia {unknown}
 v - a scroll of magic mapping {unknown}


   Skills:
 + Level 1.0 Fighting
 + Level 3.1 Slings
 + Level 1.6 Armour
 + Level 1.9 Dodging
 + Level 2.0 Stealth
 * Level 9.7 Spellcasting
 + Level 6.3 Necromancy


You had 17 spell levels left.
You knew the following spells:

 Your Spells              Type           Power        Failure   Level  Hunger
a - Pain                  Necr           ####         1%          1    N/A
b - Animate Skeleton      Necr           N/A          1%          1    N/A
c - Vampiric Draining     Necr           ####......   2%          3    N/A
d - Animate Dead          Necr           N/A          9%          4    N/A

Your spell library contained the following spells:

 Spells                   Type           Power        Failure   Level  Hunger
 Regeneration             Chrm/Necr      Unusable     N/A         3    N/A

Dungeon Overview and Level Annotations

Branches:
Dungeon (6/15)
 Temple: D:4-7

Altars:
Cheibriados
Fedhas
Trog
Uskayaw

Shops:
D:5 (


Innate Abilities, Weirdness & Mutations

You do not eat or drink.
Your flesh is vulnerable to fire.
You are immune to poison.
Your flesh is cold resistant. (rC+)
You are immune to negative energy. (rN+++)
You are immune to unholy pain and torment.
You can survive without breathing.


Message History

The troll writhes in agony.
The troll bites you. The troll closely misses you.
The troll claws you but does no damage. The adder skeleton closely misses you.
Casting: Pain (safe; 1% risk of failure)
Confirm with . or Enter, or press ? or * to list all spells.
Aiming: Pain (safe; 1% risk of failure)
Press: ? - help, Shift-Dir - straight line, f/p - troll
Aim: a troll (heavily wounded, chance to defeat MR: 84%)
The troll barely resists.
The troll bites you. The troll misses you.
The troll claws you but does no damage. The adder skeleton barely misses you.
Casting: Pain (safe; 1% risk of failure)
Confirm with . or Enter, or press ? or * to list all spells.
Aiming: Pain (safe; 1% risk of failure)
Press: ? - help, Shift-Dir - straight line, f/p - troll
Aim: a troll (heavily wounded, chance to defeat MR: 84%)
The troll writhes in agony.
The troll bites you! The troll closely misses you. The troll claws you!
The adder skeleton barely misses you. The troll bites you!
* * * LOW HITPOINT WARNING * * *
The troll claws you!
You die...

#.################ #.#
#.### #...## #.#..#
########..# #!.('Z.#..#
##### #T.#..# #!..#
#.@#..# ###.#
#####..#..# ##.##
#......#..# #....
#......#..# #..##
#..#####..#####. #[.##
#......#..#..... #....
#......#..#..... #.###
#####..#..#..### #.#
########......#..#.....
#.#


You could see a troll and an adder skeleton.

Vanquished Creatures
  2 ice beasts
  An ogre (D:4)
  A phantom (D:5)
  Blork the orc (D:4)
  2 bullfrogs
  3 wights
  2 hounds (D:6)
  A jelly (D:6)
  An orc priest (D:5)
  5 orc wizards (D:5)
  Ijyb (D:3)
  3 worker ants
  13 gnolls
  6 adders
  5 worms
  A dart slug (D:3)
  6 leopard geckos
  13 orcs
  5 bats
  3 giant cockroaches
  11 goblins
  10 hobgoblins
  6 jackals
  7 kobolds
  3 quokkas
  2 ball pythons (D:1)
  2 frilled lizards (D:1)
  3 rats (D:1)
119 creatures vanquished.

Vanquished Creatures (collateral kills)
  Grinder (D:3)
  A bullfrog (D:6)
  A gnoll (D:3)
  A shadow imp (D:6)
  An adder skeleton (D:5)
  A bat (D:1)
  A jackal zombie (D:6)
  2 quokka zombies (D:6)
9 creatures vanquished.

Grand Total: 128 creatures vanquished

Notes
Turn   | Place    | Note
-------+----------+-------------------------------------------
     0 | D:1      | Foic the Mummy Necromancer began the quest for the Orb.
     0 | D:1      | Reached XP level 1. HP: 13/13 MP: 4/4
     2 | D:1      | Learned a level 1 spell: Animate Skeleton
   266 | D:1      | Reached XP level 2. HP: 19/19 MP: 0/5
   414 | D:1      | Reached skill level 3 in Spellcasting
  1236 | D:2      | Reached XP level 3. HP: 24/24 MP: 5/8
  1261 | D:2      | Learned a level 3 spell: Vampiric Draining
  1765 | D:2      | Reached skill level 4 in Spellcasting
  2103 | D:2      | Found a blossoming altar of Fedhas.
  2839 | D:2      | Reached XP level 4. HP: 23/30 MP: 7/10
  2910 | D:2      | Learned a level 4 spell: Animate Dead
  3179 | D:3      | Reached skill level 5 in Spellcasting
  3515 | D:3      | Noticed Grinder
  3518 | D:3      | Paralysed by Grinder for 4 turns
  3756 | D:3      | Reached XP level 5. HP: 35/35 MP: 5/12
  3889 | D:3      | Killed Grinder
  3889 | D:3      | Reached skill level 6 in Spellcasting
  3889 | D:3      | Reached skill level 5 in Necromancy
  3889 | D:3      | Reached XP level 6. HP: 26/41 MP: 5/15
  4051 | D:3      | Noticed Ijyb
  4065 | D:3      | Killed Ijyb
  4347 | D:3      | Found a faded altar of an unknown god.
  4535 | D:3      | Found a snail-covered altar of Cheibriados.
  4554 | D:3      | Found a bloodstained altar of Trog.
  4677 | D:3      | Reached skill level 7 in Spellcasting
  5023 | D:4      | You fall through a shaft!
  5023 | D:5      | Entered Level 5 of the Dungeon
  5267 | D:5      | Reached skill level 1 in Armour
  5422 | D:5      | Reached XP level 7. HP: 46/46 MP: 10/18
  6142 | D:4      | Reached skill level 8 in Spellcasting
  6211 | D:4      | Noticed Blork the orc
  6220 | D:4      | Killed Blork the orc
  7188 | D:5      | Reached skill level 1 in Slings
  7349 | D:5      | Found a hide-covered altar of Uskayaw.
  7501 | D:5      | Reached XP level 8. HP: 46/53 MP: 16/20
  7590 | D:5      | Found Saerop's Weapon Shoppe.
  9580 | D:6      | Reached skill level 9 in Spellcasting
  9618 | D:6      | Reached skill level 1 in Fighting
 10263 | D:6      | Noticed a troll
 10277 | D:6      | Slain by a troll

Skill      XL: |  1  2  3  4  5  6  7  8 |
---------------+-------------------------+-----
Spellcasting   | 3 4 5 6 7 8 9 |  9.7
Necromancy     | 5 6 |  6.3
Armour         | 1 |  1.6
Slings         | 2 3 |  3.1
Fighting       | 1 |  1.0
Stealth        | 2 |  2.0
Dodging        | |  1.9

Action                   |  1- 3 |  4- 6 |  7- 9 || total
-------------------------+-------+-------+-------++-------
 Fire: Hunting sling     |       |     3 |   117 ||   120
 Cast: Pain              |   132 |   121 |   107 ||   360
       Animate Skeleton  |    14 |     2 |       ||    16
       Animate Dead      |       |     8 |    11 ||    19
       Vampiric Draining |       |     3 |     8 ||    11
  Use: Scroll            |       |     2 |     2 ||     4
Armor: Robe              |     5 |       |       ||     5
       Leather armour    |     1 |     8 |    21 ||    30
Dodge: Dodged            |    44 |    32 |    65 ||   141
